 Dungeon Crawl Stone Soup version 0.31-a0-865-g3d5d91748a (webtiles) character file.

Game seed: 5236617148921945088

120 Newt the Trooper (level 4, 0/37 HPs)
             Began as a Demonspawn Gladiator on Oct 10, 2023.
             Slain by a phantom (4 damage)
             ... on level 3 of the Dungeon.
             The game lasted 00:01:38 (1578 turns).

Newt the Trooper (Demonspawn Gladiator)             Turns: 1578, Time: 00:01:38

Health: 0/37       AC:  5    Str: 16    XL:     4   Next: 75%
Magic:  4/4        EV: 12    Int: 10    God:
Gold:   21         SH:  0    Dex: 14    Spells: 3/3 levels left

rFire   + . .        a - +0 rapier
rCold   . . .        (no shield)
rNeg    . . .        b - +0 leather armour
rPois   .            c - +1 helmet
rElec   .            (no cloak)
rCorr   .            (no gloves)
SInv    +            (no boots)
Will    .....        f - amulet of magic regeneration Stlth
                     h - ring of see invisible
HPRegen 0.26/turn    i - ring of protection from fire
MPRegen 0.49/turn

%: no passive effects
@: silenced
A: spiny 1
a: no special abilities


You were on level 3 of the Dungeon.
You visited 1 branch of the dungeon, and saw 3 of its levels.

You collected 45 gold pieces.
You spent 24 gold pieces at shops.

Inventory:

Hand Weapons
 a - a +0 rapier (weapon)
Missiles
 d - 3 throwing nets (quivered)
 e - a javelin
Armour
 b - a +0 leather armour (worn)
 c - a +1 helmet (worn)
Jewellery
 f - an amulet of magic regeneration (around neck)
 h - a ring of see invisible (left hand)
 i - a ring of protection from fire (right hand)
Scrolls
 k - a scroll of poison {unknown}
 n - a scroll of fog
 p - a scroll of identify
 q - a scroll of revelation {unknown}
Potions
 m - a potion of brilliance {unknown}
 o - a potion of invisibility {unknown}


   Skills:
 - Level 4.0 Fighting
 + Level 3.9 Short Blades
 - Level 1.7 Throwing
 - Level 2.6 Dodging


You had 3 spell levels left.
You didn't know any spells.
Your spell library contained the following spells:

 Spells                   Type           Power      Damage    Failure   Level
 Magic Dart               Conj           0%         1d3       43%         1
 Call Imp                 Summ           0%         N/A       56%         2
 Mephitic Cloud           Conj/Pois/Air  0%         N/A       80%         3
 Tukima's Dance           Hex            0%         N/A       80%         3
 Dimensional Bullseye     Hex/Tloc       0%         N/A       99%         4
 Iskenderun's Mystic Bla  Conj/Tloc      0%         2d3       99%         4


Dungeon Overview and Level Annotations

Branches:
Dungeon (3/15)

Altars:

Shops:
D:2 ?

Annotations:
D:2 Natasha


Innate Abilities, Weirdness & Mutations

You are partially covered in sharp spines.


Message History

As you read the scroll of fog, it dissolves into smoke.
As you read the scroll labelled RITSUBR XOASMAPP, it crumbles to dust.
It is a scroll of enchant armour.
Your +0 helmet glows green for a moment.
The hobgoblin hits you but does no damage.
As you read the scroll labelled VEAT YPSUBIUMA, it crumbles to dust.
A profound silence engulfs you.
It was a scroll of silence.
The hobgoblin barely misses you.
It was a potion of curing.
You feel better. The hobgoblin is struck by your spines.
The hobgoblin barely misses you. The phantom is struck by your spines.
The phantom misses you.
You hit the hobgoblin but do no damage.
The hobgoblin is severely wounded.
The hobgoblin barely misses you. The phantom is struck by your spines.
The phantom completely misses you.
You hit the hobgoblin.
You kill the hobgoblin!
The phantom closely misses you.
Unknown command.
You puncture the rat!
You kill the rat!
The gnoll barely misses you. The phantom closely misses you.
The gnoll hits you from afar with a +0 spear.
The gnoll closely misses you. The phantom attacks as it pursues you!
The phantom hits you.
* * * LOW HITPOINT WARNING * * *
The phantom blinks!
You blink.
The gnoll hits you from afar with a +0 spear.
* * * LOW HITPOINT WARNING * * *
The gnoll closely misses you. The phantom hits you.
* * * LOW HITPOINT WARNING * * *
Things that are here:
a rat corpse; a hobgoblin corpse Unknown command.
You hit the gnoll.
The gnoll is heavily wounded.
The gnoll barely misses you. The gnoll hits you with a +0 halberd.
* * * LOW HITPOINT WARNING * * *
The phantom hits you.
You die...

### #.#g# ...
#.<.# #.#
##.###...
#.###.r.......
#....###w..##
##r#.........
#.#####.....
#g#### #.#
#gg@§# #
####W# #§# #§#
#§# .W. #.#
#.# ..#


You could see a phantom and 3 gnolls.

Vanquished Creatures
  An orc priest (D:2)
  Natasha (twice) (D:2)
  A worm (D:2)
  3 orcs (D:2)
  3 endoplasms
  A giant cockroach (D:2)
  A goblin (D:1)
  5 hobgoblins
  5 jackals
  3 quokkas
  3 ball pythons
  4 frilled lizards
  3 rats
35 creatures vanquished.

Notes
Turn   | Place    | Note
-------+----------+-------------------------------------------
     0 | D:1      | Newt the Demonspawn Gladiator began the quest for the Orb.
     0 | D:1      | Reached XP level 1. HP: 16/16 MP: 1/1
   364 | D:1      | Gained mutation: You are partially covered in sharp spines.
                  | [demonic ancestry]
   364 | D:1      | Reached XP level 2. HP: 23/23 MP: 2/2
   511 | D:1      | Reached skill level 3 in Fighting
   900 | D:2      | Noticed Natasha
   911 | D:2      | Killed Natasha
   912 | D:2      | Reached XP level 3. HP: 23/30 MP: 3/3
  1070 | D:2      | Reached skill level 4 in Fighting
  1112 | D:2      | Noticed Natasha
  1123 | D:2      | Killed Natasha
  1124 | D:2      | Reached XP level 4. HP: 8/37 MP: 4/4
  1363 | D:2      | Found Byucw's Magic Scroll Shop.
  1452 | D:2      | Bought a scroll of identify for 24 gold pieces
  1543 | D:2      | Noticed Natasha
  1554 | D:2      | HP: 1/37 [Natasha/magic dart (6)]
  1567 | D:3      | Noticed a phantom
  1578 | D:3      | Slain by a phantom

Illustrated notes

Levels and vault maps discovered:
D:1:      sevenhm_arrival_forest_fort_large_2, layout_loops_ring,
          kennysheep_pointless_box, feat_on_display
D:2:      layout_rooms, serial_shops, nicolae_shop_crystal, uniq_natasha
D:3:      layout_loops_ring, zin_purify, mainiacjoe_overflow_catwalk,
          shapermc_ecumenical_altar_pompeii, uniq_crazy_yiuf_cottage, uniq_robin

Skill      XL: |  1  2  3 |
---------------+----------+-----
Fighting       | 3 4 |  4.0
Short Blades   | 3 |  3.9
Throwing       | |  1.7
Dodging        | |  2.6

Action                     |  1- 3 |  4- 6 || total
---------------------------+-------+-------++-------
  Melee: Rapier            |    90 |    33 ||   123
         Punch             |       |     1 ||     1
    Use: Scroll            |       |     4 ||     4
         Potion            |       |     1 ||     1
 Armour: Leather armour    |    36 |    29 ||    65
  Dodge: Dodged            |    51 |    36 ||    87

Table legend: (Time is in decaauts)
 A = Elapsed time spent in this place.
 B = Non-inter-level travel time spent in this place.
 C = Inter-level travel time spent in this place.
 D = Time resting spent in this place.
 E = Time spent auto-exploring this place.
 F = Levels seen in this place.
 G = Mean time per level.
                   A        B        C        D        E       F      G
               +--------+--------+--------+--------+--------+-----+--------+
         Total |   1582 |   1523 |     59 |    211 |   1060 |   3 |  527.3 |
       Dungeon |   1582 |   1523 |     59 |    211 |   1060 |   3 |  527.3 |
               +--------+--------+--------+--------+--------+-----+--------+

Top non-repeatable levels by time:
     D:1: 902 daAuts
     D:2: 661 daAuts
     D:3: 18 daAuts
